 Dungeon Crawl Stone Soup version 0.31.0-32-g396128a36d (webtiles) character file.

Game seed: 4007395668981807077

60 Curundu the Chopper (level 3, 0/34 HPs)
             Began as a Minotaur Berserker on Mar 25, 2024.
             Was a Believer of Trog.
             Killed from afar by a dart slug (3 damage)
             ... with a slug dart
             ... on level 2 of the Dungeon.
             The game lasted 00:03:00 (821 turns).

Curundu the Chopper (Minotaur Berserker)             Turns: 821, Time: 00:03:00

Health: 0/34       AC:  2    Str: 23    XL:     3   Next: 80%
Magic:  2/2        EV: 12    Int:  4    God:    Trog [**....]
Gold:   45         SH:  0    Dex:  9    Spells: 2/2 levels left

rFire   . . .        a - +0 hand axe
rCold   . . .        (no shield)
rNeg    . . .        b - +0 animal skin
rPois   .            (helmet restricted)
rElec   .            (no cloak)
rCorr   .            (no gloves)
SInv    .            (no boots)
Will    .....        (no amulet)
Stlth   +            (no ring)
HPRegen 0.25/turn    (no ring)
MPRegen 0.08/turn

%: no passive effects
@: on berserk cooldown, slowed, very slow
A: horns 2, retaliatory headbutt
a: Renounce Religion, Berserk, Trog's Hand


You were on level 2 of the Dungeon.
You worshipped Trog.
Trog was pleased with you.
You visited 1 branch of the dungeon, and saw 2 of its levels.

You collected 45 gold pieces.

Inventory:

Hand Weapons
 a - a +0 hand axe (weapon)
Missiles
 d - 6 boomerangs (quivered)
Armour
 b - a +0 animal skin (worn)
Jewellery
 c - an amulet of reflection
Scrolls
 e - 2 scrolls of blinking {unknown}
 g - a scroll of fear {unknown}
 h - a scroll of identify {unknown}
 i - a scroll of revelation {unknown}
Potions
 f - 2 potions of brilliance {unknown}


   Skills:
 + Level 4.5 Fighting
 + Level 4.9 Axes
 + Level 2.6 Armour
 + Level 2.3 Dodging


You had 2 spell levels left.
You didn't know any spells.
Your spell library was empty.

Dungeon Overview and Level Annotations

Branches:
Dungeon (2/15)

Altars:

Shops:
D:1 (


Innate Abilities, Weirdness & Mutations

You have a pair of horns on your head.
You reflexively headbutt those who attack you in melee.


Message History

You kill the quokka!
Trog accepts your kill.
You hit the bat.
You kill the bat!
Trog accepts your kill.
You slash the quokka!
You kill the quokka!
Trog accepts your kill.
A dart slug comes into view.
Found a knobbly runed staff.
The quokka barely misses you.
Unknown command.
You hit the bat.
You kill the bat!
Trog accepts your kill.
You slash the quokka!
You kill the quokka!
Trog accepts your kill.
You slash the goblin!
You kill the goblin!
Trog accepts your kill.
You barely miss the kobold. The kobold hits you with a +0 dagger.
* * * LOW HITPOINT WARNING * * *
The dart slug launches a dart at you. The slug dart hits you.
* * * LOW HITPOINT WARNING * * *
You closely miss the kobold. The kobold hits you with a +0 dagger.
* * * LOW HITPOINT WARNING * * *
Unknown command.
You closely miss the kobold. You headbutt the kobold.
You kill the kobold!
Trog accepts your kill.
Found 7 gold pieces.
Found a scroll labelled RANUOCLY WOUDDE.
You feel a strong urge to attack something.
You are no longer berserk.
You are exhausted.
You feel yourself slow down. The dart slug launches a dart at you.
The slug dart hits you.
You die...

.. ..# #. #.#### #.
#.##.#... ## #. ......#
..# #. #.#..# |#?. ####
#.###.#..#..$.# ..#
#..........# #.#
#...).@w.#
##.####.$...##.#
#####..†.....)......#
.......####..†...#.....
######.................
# #.######..#........ #
#.# #..#...#.... # #.#
#.......... # #.#
#.##.....


You could see a dart slug.

Vanquished Creatures
  An adder (D:2)
  2 dart slugs (D:1)
  A ribbon worm (D:2)
  3 endoplasms (D:1)
  3 giant cockroaches (D:1)
  2 goblins
  6 hobgoblins
  4 quokkas (D:2)
  5 ball pythons
  4 bats
  4 frilled lizards (D:1)
  2 kobolds (D:2)
  6 rats (D:1)
43 creatures vanquished.

Notes
Turn   | Place    | Note
-------+----------+-------------------------------------------
     0 | D:1      | Curundu the Minotaur Berserker began the quest for the Orb.
     0 | D:1      | Reached XP level 1. HP: 19/19 MP: 0/0
   198 | D:1      | Reached XP level 2. HP: 27/27 MP: 1/1
   231 | D:1      | Found Hateith's Weapon Emporium.
   635 | D:1      | Reached XP level 3. HP: 34/34 MP: 2/2
   648 | D:1      | Reached ** piety under Trog
   821 | D:2      | Killed from afar by a dart slug

Illustrated notes

Levels and vault maps discovered:
D:1:      lemuel_arrival_room, layout_basic, serial_shops, shop_statue,
          minmay_shallow_snake_nest
D:2:      layout_loops_ring, dreamdust_ecumenical_altar_hidden_monk_grotto,
          minmay_pentomino_w4, uniq_natasha

Skill      XL: |  1  2 |
---------------+-------+-----
Fighting       | 4 |  4.5
Axes           | 4 |  4.9
Armour         | |  2.6
Dodging        | |  2.3

Action                     || total
---------------------------++-------
  Melee: Hand axe          ||    71
         Headbutt          ||     8
         Punch             ||     1
 Invoke: Berserk           ||     1
 Armour: Animal skin       ||    56
  Dodge: Dodged            ||    55
